 Dungeon Crawl Stone Soup version 0.18-a0-1343-g48c8f86 (webtiles) character file.

43 ololoev the Magician (level 3, 2/19 HPs)
             Began as a Deep Elf Fire Elementalist on Feb 16, 2016.
             Quit the game in a sewer.
             The game lasted 00:02:46 (240 turns).

ololoev the Magician (Deep Elf Fire Elementalist)    Turns: 240, Time: 00:02:46

Health: 2/19       AC:  2    Str:  5    XL:     3   Next: 37%
Magic:  10/10      EV: 18    Int: 20    God:
Gold:   36         SH:  0    Dex: 20    Spells: 3 memorised, 2 levels left

rFire  . . .     SeeInvis .     i - +0 falchion (flame)
rCold  . . .     Gourm    .     a - +0 robe
rNeg   . . .     Faith    .     (no shield)
rPois  .         Spirit   .     (no helmet)
rElec  .         Dismiss  .     (no cloak)
rCorr  .         Reflect  .     (no gloves)
SustAt .         Harm     .     (no boots)
MR     .....                    (no amulet)
Stlth  +++.......               (no ring)
                                (no ring)

@: agile, lethally poisoned (2 -> -18), not resistant to hostile enchantments,
fairly stealthy
A: no striking features
a: no special abilities

Inventory:

Hand Weapons
 i - a +0 falchion of flaming (weapon)
Armour
 a - a +0 robe (worn)
Books
 b - a book of Flames

   Spells                             Type                      Level
   a - Flame Tongue                   Conjuration/Fire             1
   b - Throw Flame                    Conjuration/Fire             2
   c - Conjure Flame                  Conjuration/Fire             3
   d - Inner Flame                    Hexes/Fire                   3
   e - Sticky Flame                   Conjuration/Fire             4
   f - Fireball                       Conjuration/Fire             5
Comestibles
 c - a bread ration
 f - 2 meat rations
 h - a beef jerky


   Skills:
 - Level 2.4 Dodging
 - Level 2.4 Stealth
 + Level 3.9 Spellcasting
 * Level 2.4 Conjurations
 + Level 3.7 Fire Magic


You had 2 spell levels left.
You knew the following spells:

 Your Spells              Type           Power        Failure   Level  Hunger
a - Flame Tongue          Conj/Fire      ###..        3%          1    None
b - Conjure Flame         Conj/Fire      ###.....     12%         3    ###....
e - Inner Flame           Hex/Fire       ##......     21%         3    ###....
 You were in a sewer. You were not hungry. You visited 1 branch of the dungeon, and saw 3 of its levels. You also visited: Sewer. You collected 36 gold pieces. ##.# #≈# ...##≈## ..#.≈.# .K.≈.# K.≈.###.≈ #####.K≈≈..≈ #.....h.# #.∩...(h# #.∩.#.W@#      #...##≈##    ######≈#    #≈#  ###

Notes
Turn   | Place    | Note
--------------------------------------------------------------
     0 | D:1      | ololoev the Deep Elf Fire Elementalist began the quest for the Orb.
     0 | D:1      | Reached XP level 1. HP: 10/10 MP: 6/6
    93 | D:1      | Reached XP level 2. HP: 15/15 MP: 6/8
   208 | D:3      | Reached XP level 3. HP: 7/19 MP: 1/10
   215 | D:3      | Learned a level 3 spell: Conjure Flame
   217 | D:3      | Found a glowing drain.
   231 | D:3      | Learned a level 3 spell: Inner Flame
   232 | Sewer    | Entered a sewer
   232 | Sewer    | Noticed psellion's ghost (novice FoSk)
   240 | Sewer    | Quit the game

Dungeon Overview and Level Annotations

Branches:
Dungeon (3/15)

Altars:

Annotations:
Sewer psellion's ghost, novice FoSk


Message History

You enter a sewer!
Psellion's ghost (novice Formicid Skald) comes into view.
Found a gate leading back out of this place.
There is an empty arch of ancient stone here.
Press: ? - help, v - describe, . - travel
Here: psellion's ghost (hasn't noticed you)
The floor.
Drink which item? (? for menu, Esc to quit)
Okay, then.
Psellion's ghost turns its malevolent gaze towards you.
You hear a shout!
A kobold comes into view. It is wielding a club.
You enter the shallow water.
Moving in this stuff is going to be slow. 2 jackals and a kobold come into view.
The kobold shouts!
The kobold moves out of view.
The kobold unwields an uncursed club.
The kobold wields a blowgun.
The kobold shoots a poisoned needle.
The poisoned needle barely misses you.
The kobold shoots a poisoned needle.
The jackal barks!
The poisoned needle hits you!
You are lethally poisoned!
You hear a splash.
You see here a poisoned needle.
Drink which item? (? for menu, Esc to quit)
Okay, then.
You feel sick.
The kobold shoots a poisoned needle.
A kobold comes into view. It is wielding a dagger.
The kobold shouts!
The poisoned needle hits you!
You are more poisoned.
You see here a poisoned needle.
Drink which item? (? for menu, Esc to quit)
It was a potion of magic.
Magic courses through your body.
You feel sick.
Drink which item? (? for menu, Esc to quit)
It was a potion of agility.
You feel agile all of a sudden.
You feel sick. Psellion's ghost hits you.
The jackal stops to sniff the water.
Are you sure you want to abandon this character and quit the game? (Confirm with "yes".)

You could see psellion's ghost, 2 jackals and 3 kobolds.

Vanquished Creatures
  A gnoll (D:3)
  2 adders (D:3)
  A worm (D:3)
  A bat (D:1)
  A giant cockroach (D:1)
  A goblin (D:1)
  3 hobgoblins
  3 kobolds
13 creatures vanquished.

Action                   || total
-------------------------++-------
Melee: Unarmed           ||     1
       Falchion          ||     1
 Cast: Flame Tongue      ||    22
  Use: Potion            ||     2

Vault maps used:
D:1:      dpeg_arrival_tiny_k
D:2:      gammafunk_pakellas_statue_experiment
D:3:      minitemple, first_bread, portal_sewer_entry_d
Sewer:    sewer_the_crocodile
